 Dungeon Crawl Stone Soup version 0.20-a0-1061-gbbf974c (webtiles) character file.

284 MrRokkomies the Skirmisher (level 6, 0/51 HPs)
             Began as a Gnoll Arcane Marksman on Apr 27, 2017.
             Succumbed to a worker ant's poison
             ... on level 3 of the Dungeon.
             The game lasted 00:09:28 (4656 turns).

MrRokkomies the Skirmisher (Gnoll Arcane Marksman)  Turns: 4656, Time: 00:09:28

Health: 0/51       AC:  9    Str: 11    XL:     6   Next: 29%
Magic:  8/8        EV: 17    Int: 14    God:
Gold:   97         SH:  0    Dex: 19    Spells: 2/8 levels left

rFire    . . .     SeeInvis +   b - +0 long sword
rCold    . . .     Gourm    .   (no shield)
rNeg     . . .     Faith    .   u - +0 ring mail
rPois    .         Spirit   .   (no helmet)
rElec    .         Reflect  .   o - +2 cloak
rCorr    .         Harm     .   l - +0 pair of gloves
MR       .....                  (no boots)
Stlth    ++........             (no amulet)
Regen    0.2/turn               n - ring of see invisible
MPRegen  0.2/turn               (no ring)

@: agile, lethally poisoned (0 -> -8)
A: short attention span, fangs 1, strong nose
a: no special abilities


You were on level 3 of the Dungeon.
You were not hungry.

You visited 1 branch of the dungeon, and saw 4 of its levels.

You collected 97 gold pieces.

Inventory:

Hand Weapons
 a - a +0 hand crossbow
 b - a +0 long sword (weapon)
Missiles
 d - 21 bolts
 q - a throwing net (quivered)
Armour
 l - a +0 pair of gloves (worn)
 o - a +2 cloak (worn)
 u - a +0 ring mail (worn)
Jewellery
 n - a ring of see invisible (left hand)
Wands
 w - a wand of paralysis (19/24)
Scrolls
 h - a scroll of noise {unknown}
 k - a scroll of recharging {unknown}
 m - 3 scrolls of teleportation
 p - 2 scrolls of magic mapping {unknown}
 r - 4 scrolls of blinking {unknown}
 s - a scroll of amnesia {unknown}
Potions
 e - a potion of agility
 i - 4 potions of haste
Books
 c - a book of Debilitation

   Spells                             Type                      Level
   a - Corona                         Hexes                        1
   b - Slow                           Hexes                        2
   c - Inner Flame                    Hexes/Fire                   3
   d - Portal Projectile              Hexes/Translocation          3
   e - Cause Fear                     Hexes                        4
   f - Leda's Liquefaction            Hexes/Earth                  4
Comestibles
 f - 2 bread rations
 g - a meat ration


   Skills:
 * Level 5.5 Fighting
 * Level 4.2 Long Blades
 - Level 5.1 Crossbows
 - Level 3.0 Dodging
 - Level 1.7 Spellcasting
 - Level 5.3 Hexes


You had 2 spell levels left.
You knew the following spells:

 Your Spells              Type           Power        Failure   Level  Hunger
a - Corona                Hex            ###....      7%          1    ##.....
b - Slow                  Hex            ###.....     10%         2    ###....
c - Portal Projectile     Hex/Tloc       #.....       52%         3    ####...


Dungeon Overview and Level Annotations

Branches:
Dungeon (4/15)
 Temple: D:4-7

Altars:

Annotations:
D:4 Menkaure


Innate Abilities, Weirdness & Mutations

You have a short attention span.
You have very sharp teeth.
Your uncanny sense of smell can sniff out nearby items.


Message History

Okay, then.
As you read the scroll of identify, it crumbles to dust.
w - a wand of paralysis (19/24)
* * * LOW HITPOINT WARNING * * *
You feel sick.
* * * LOW HITPOINT WARNING * * *
You feel sick.
* * * LOW HITPOINT WARNING * * *
You feel sick.
* * * LOW HITPOINT WARNING * * *
You feel sick.
* * * LOW HITPOINT WARNING * * *
You feel sick.
* * * LOW HITPOINT WARNING * * *
You feel sick.
* * * LOW HITPOINT WARNING * * *
You feel sick.
* * * LOW HITPOINT WARNING * * *
You feel sick.
You die...

#..#.#...####>###.# #.......
#..##...## #.# #.# #.##.###
#..##..## #.# #.# #.##.#
#......# #.# #.### #.##.###
#......######.# #...###.......
#.............#####...........
#......#####...## #.##....####
#......#####..#.# #.#..#......
#............@.## #.#.....####
####.#.#####.#.# #.#.#.#.....
#....# #.#.# #.#.#.######
#..### #.#.# #.#.#...# # #..#
#.#.# #.#.###.#### #..# #.#.#
#.#.# #..... #..#
#.#.####.#.###.#### #..#
#..................
#..##############.#####.####


There were no monsters in sight!

Vanquished Creatures
  2 orc priests
  An orc wizard (D:3)
  A worker ant (D:3)
  3 gnolls (D:2)
  2 adders
  3 dart slugs
  5 worms (D:2)
  2 leopard geckos
  11 orcs (D:3)
  10 bats
  5 giant cockroaches
  9 goblins
  6 hobgoblins
  14 jackals
  2 quokkas
  A ball python (D:3)
  3 frilled lizards
  6 kobolds
  15 rats
101 creatures vanquished.

Notes
Turn   | Place    | Note
-------+----------+-------------------------------------------
     0 | D:1      | MrRokkomies the Gnoll Arcane Marksman began the quest for the Orb.
     0 | D:1      | Reached XP level 1. HP: 15/15 MP: 3/3
   274 | D:1      | Reached XP level 2. HP: 20/21 MP: 4/4
   431 | D:1      | Reached skill level 5 in Hexes
   794 | D:1      | Reached XP level 3. HP: 12/26 MP: 5/5
  1075 | D:1      | Learned a level 2 spell: Slow
  1265 | D:2      | Reached XP level 4. HP: 16/34 MP: 3/6
  1696 | D:2      | Found a faded altar of an unknown god.
  1832 | D:2      | Reached skill level 5 in Crossbows
  2420 | D:2      | Reached skill level 1 in Long Blades
  2492 | D:2      | Learned a level 3 spell: Portal Projectile
  2876 | D:3      | Reached XP level 5. HP: 42/42 MP: 7/7
  3629 | D:3      | Reached skill level 5 in Fighting
  3629 | D:3      | Reached XP level 6. HP: 37/51 MP: 8/8
  4486 | D:4      | Noticed Menkaure
  4653 | D:3      | HP: 2/51 [poisoned by a worker ant]
  4656 | D:3      | Succumbed to a worker ant's poison

Vault maps used:
D:1:      lightli_molten_gateway, hangedman_decor_diamond_cutter
D:2:      chequers_ecumenical_altar_simple, minmay_pentomino_s4
D:3:      corexii_shack_village
D:4:      first_bread, trog_book, uniq_natasha, uniq_menkaure, uniq_grinder

Skill      XL: |  1  2  3  4  5  6 |
---------------+-------------------+-----
Hexes          | 5 |  5.3
Crossbows      | 4 5 |  5.1
Fighting       | 2 3 5 |  5.5
Long Blades    | 1 3 4 |  4.2
Dodging        | |  3.0
Spellcasting   | |  1.7

Action                   |  1- 3 |  4- 6 || total
-------------------------+-------+-------++-------
Melee: Unarmed           |    19 |       ||    19
       Bite              |     6 |    22 ||    28
       Dagger            |    41 |       ||    41
       Spear             |     2 |    52 ||    54
       Long sword        |       |   169 ||   169
 Fire: Hand crossbow     |    45 |    50 ||    95
 Cast: Corona            |     2 |     8 ||    10
  Use: Scroll            |     2 |     3 ||     5
       Potion            |     1 |     3 ||     4
 Stab: Sleeping          |       |     4 ||     4
  Eat: Chunk             |       |    12 ||    12
Armor: Robe              |    24 |    57 ||    81
       Ring mail         |       |    25 ||    25
Dodge: Dodged            |    80 |   171 ||   251
       Rpst.: Long sword |       |    38 ||    38
